 Dungeon Crawl Stone Soup version 0.32-a0-422-g28b100f618 (webtiles) character file.

Game seed: 7252404178934214738

1388486 ragingrage the Pulveriser (level 27, 199/199 HPs)
             Began as a Gnoll Air Elementalist on Feb 21, 2024.
             Was the Champion of Cheibriados.
             Escaped with the Orb
             ... and 3 runes!
             The game lasted 02:24:47 (107513 turns).

ragingrage the Pulveriser (GnAE)                  Turns: 107513, Time: 02:24:47

Health: 199/199    AC: 40    Str: 31    XL:     27
Magic:  46/46      EV: 35    Int: 38    God:    Cheibriados [******]
Gold:   3641       SH: 23    Dex: 28    Spells: 9/65 levels left

rFire   + . .        a - +9 demon whip (spect)
rCold   + . .        W - +1 kite shield {AC+3}
rNeg    + . .        X - +10 plate armour {ponderous}
rPois   +            r - +2 hat of Lyisann {rPois rF+ Slay+3}
rElec   .            q - +2 cloak {rPois}
rCorr   .            o - +2 pair of gloves of Yfascheur {*Corrode Regen+ Str+5 SInv}
SInv    +            Y - +2 pair of boots
Will    ++...        F - amulet "Naromn" {RegenMP rN+}
Stlth   ++           A - ring of the Hare {EV+10}
HPRegen 1.33/turn    H - ring of protection from cold
MPRegen 0.70/turn

%: corrode self (3%), clarity
@: studying Staves, very slow
A: fangs 2, strong nose, distributed training, talons 1, large bone plates 1,
clarity, deformed body, dopey 1, frail 1
0: Orb of Zot
}: 3/15 runes: decaying, serpentine, slimy
a: Renounce Religion, Bend Time, Temporal Distortion, Slouch, Step From Time


You escaped.
You worshipped Cheibriados.
Cheibriados was exalted by your worship.
You visited 11 branches of the dungeon, and saw 52 of its levels.
You also visited: Gauntlet and Volcano.

You collected 9245 gold pieces.
You spent 5604 gold pieces at shops.

Inventory:

Hand Weapons
 a - a +9 spectral demon whip (weapon)
 y - the +3 dire flail of Discretion {freeze, Int-3 Dex+4}
   (You took it off a draconian annihilator on level 4 of the Depths)

   Int-3:     It affects your intelligence (-3).
   Dex+4:     It affects your dexterity (+4).
 J - the +6 glaive of Daonemomim {drain, SInv}
   (You took it off a purple draconian on level 4 of the Depths)

   SInv:      It lets you see invisible.
Missiles
 v - 3 throwing nets
 K - 6 silver javelins
Armour
 o - the +2 pair of gloves of Yfascheur (worn) {*Corrode Regen+ Str+5 SInv}
   (You found it on level 1 of the Depths)

   Str+5:     It affects your strength (+5).
   SInv:      It lets you see invisible.
   Regen+:    It increases your rate of health regeneration.
   *Corrode:  It may corrode you when you take damage.
 q - a +2 cloak of poison resistance (worn)
 r - the +2 hat of Lyisann (worn) {rPois rF+ Slay+3}
   (You found it on level 1 of the Elven Halls)

   Slay+3:    It affects your accuracy & damage with ranged weapons and melee
   (+3).
   rF+:       It protects you from fire.
   rPois:     It protects you from poison
 W - a +1 kite shield of protection (worn)
 X - a +10 plate armour of ponderousness (worn)
 Y - a +2 pair of boots (worn)
Magical Staves
 b - the staff "Doatwyph" {rElec Str+3 Int+4 SInv Air}
   (You acquired it on level 8 of the Dungeon)

   [staff of air]

   Base accuracy: +5 Base damage: 5 Base attack delay: 1.2 This weapon's minimum
   attack delay (0.6) is reached at skill level 12.
   Str+3:     It affects your strength (+3).
   Int+4:     It affects your intelligence (+4).
   rElec:     It insulates you from electricity.
   SInv:      It lets you see invisible.
   Air:       It increases the power of your Air spells.
   It falls into the 'Staves' category.
   It is a one-handed weapon.
Jewellery
 n - the ring of Levity {Will+ SInv}
   (You took it off a spriggan air mage on level 2 of the Depths)

   [ring of see invisible]

   Will+:     It increases your willpower.
   SInv:      It lets you see invisible.
 A - the ring of the Hare (left hand) {EV+10}
   (You bought it in a shop on level 3 of the Snake Pit)

   [ring of evasion]

   EV+10:     It affects your evasion (+10).
 F - the amulet "Naromn" (around neck) {RegenMP rN+}
   (You found it on level 3 of the Depths)

   [amulet of magic regeneration]

   RegenMP:   It increases your rate of magic regeneration.
   rN+:       It protects you from negative energy.
 H - a ring of protection from cold (right hand)
 L - a ring of resist corrosion
Wands
 s - a wand of charming (59)
 u - a wand of quicksilver (19)
 z - a wand of polymorph (37)
 C - a wand of iceblast (54)
 D - a wand of digging (16)
 O - a wand of mindburst (6)
 T - a wand of flame (63)
Scrolls
 e - 5 scrolls of revelation
 g - 5 scrolls of immolation
 h - 7 scrolls of fog
 m - 7 scrolls of noise
 p - 8 scrolls of vulnerability
 t - 5 scrolls of fear
 w - 14 scrolls of teleportation
 B - 7 scrolls of poison
 G - 5 scrolls of butterflies
 R - 5 scrolls of blinking
 Z - 2 scrolls of silence
Potions
 c - 3 potions of enlightenment
 d - 3 potions of magic
 f - 19 potions of curing
 i - 5 potions of invisibility
 j - 9 potions of lignification
 k - 4 potions of ambrosia
 l - 13 potions of attraction
 x - 9 potions of brilliance
 E - 3 potions of resistance
 I - 3 potions of cancellation
 M - 9 potions of might
 P - 3 potions of berserk rage
 U - 10 potions of mutation
 V - 7 potions of heal wounds
Miscellaneous
 N - a lightning rod (4/4)
 S - a box of beasts


   Skills:
 + Level 19.3 Fighting
 + Level 19.3 Short Blades
 + Level 19.3 Long Blades
 + Level 19.3 Axes
 + Level 19.3 Maces & Flails
 + Level 19.3 Polearms
 + Level 23.0 Staves
 + Level 19.3 Ranged Weapons
 + Level 19.3 Throwing
 + Level 19.3 Armour
 + Level 19.7 Dodging
 + Level 19.7 Stealth
 + Level 19.3 Shields
 + Level 19.3 Unarmed Combat
 + Level 19.8 Spellcasting
 + Level 16.6 Conjurations
 + Level 16.5 Hexes
 + Level 16.5 Summonings
 + Level 16.5 Necromancy
 + Level 16.5 Translocations
 + Level 16.5 Fire Magic
 + Level 16.5 Ice Magic
 + Level 17.2 Air Magic
 + Level 16.5 Earth Magic
 + Level 16.5 Alchemy
 + Level 20.8 Invocations
 + Level 19.3 Evocations
 + Level 17.8 Shapeshifting


You had 9 spell levels left.
You knew the following spells:

 Your Spells              Type           Power      Damage    Failure   Level
a - Plasma Beam           Fire/Air       52%        2x1d67    1%          6
b - Bombard               Conj/Erth      52%        9d9       1%          6
c - Blink                 Tloc           100%       N/A       0%          2
d - Haunt                 Necr/Summ      52%        N/A       3%          7
e - Irradiate             Conj/Alch      52%        3d29      1%          5
f - Borgnjor's Vile Clut  Necr/Erth      52%        N/A       1%          5
g - Passwall              Erth           100%       N/A       0%          3
h - Animate Armour        Summ/Erth      100%       N/A       1%          4
i - Apportation           Tloc           100%       N/A       0%          1
j - Arcjolt               Conj/Air       52%        1d62      1%          5
k - Vhi's Electric Charg  Tloc/Air       100%       N/A       1%          4
l - Maxwell's Capacitive  Air            53%        ∞         21%         8

Your spell library contained the following spells:

 Spells                   Type           Power      Damage    Failure   Level
 Magic Dart               Conj           100%       1d8       0%          1
 Necrotise                Necr           100%       1d9       0%          1
 Sandblast                Erth           100%       2d20      0%          1
 Shock                    Conj/Air       100%       1d9       0%          1
 Summon Small Mammal      Summ           100%       N/A       0%          1
 Call Imp                 Summ           100%       N/A       0%          2
 Cigotuvi's Dreadful Rot  Necr/Alch/Air  100%       N/A       0%          2
 Ensorcelled Hibernation  Hex/Ice        100%       N/A       0%          2
 Jinxbite                 Hex            100%       N/A       0%          2
 Lesser Beckoning         Tloc           100%       N/A       0%          2
 Momentum Strike          Conj/Tloc      100%       3d10      0%          2
 Static Discharge         Conj/Air       100%       3-8/arc   0%          2
 Sublimation of Blood     Necr           100%       N/A       0%          2
 Call Canine Familiar     Summ           100%       N/A       0%          3
 Dazzling Flash           Conj/Hex       100%       N/A       0%          3
 Inner Flame              Hex/Fire       100%       N/A       0%          3
 Ozocubu's Armour         Ice            100%       N/A       0%          3
 Sigil of Binding         Hex            100%       N/A       0%          3
 Stone Arrow              Conj/Erth      100%       3d13      0%          3
 Swiftness                Air            100%       N/A       0%          3
 Tukima's Dance           Hex            100%       N/A       0%          3
 Vampiric Draining        Necr           100%       2d13      0%          3
 Volatile Blastmotes      Fire/Tloc      100%       2d18      0%          3
 Airstrike                Air            53%        2d(8-24)  1%          4
 Anguish                  Hex/Necr       52%        N/A       1%          4
 Animate Dead             Necr           100%       N/A       1%          4
 Brom's Barrelling Bould  Conj/Erth      100%       2d11      1%          4
 Cause Fear               Hex            52%        N/A       1%          4
 Dispel Undead            Necr           100%       3d31      1%          4
 Iskenderun's Mystic Bla  Conj/Tloc      100%       2d19      1%          4
 Leda's Liquefaction      Alch/Erth      52%        N/A       1%          4
 Martyr's Knell           Necr/Summ      100%       N/A       1%          4
 Passage of Golubria      Tloc           100%       N/A       1%          4
 Petrify                  Alch/Erth      100%       N/A       1%          4
 Sticky Flame             Fire/Alch      100%       2d15      1%          4
 Summon Blazeheart Golem  Fire/Summ      100%       N/A       1%          4
 Summon Lightning Spire   Summ/Air       100%       N/A       1%          4
 Curse of Agony           Necr           100%       N/A       1%          5
 Fireball                 Conj/Fire      52%        3d20      1%          5
 Freezing Cloud           Conj/Ice/Air   52%        6-21      1%          5
 Iskenderun's Battlesphe  Conj           100%       2d15      1%          5
 Lee's Rapid Deconstruct  Erth           52%        3d24*     1%          5
 Metabolic Englaciation   Hex/Ice        52%        N/A       1%          5
 Summon Forest            Summ/Tloc      52%        N/A       1%          5
 Summon Mana Viper        Hex/Summ       100%       N/A       1%          5
 Yara's Violent Unravell  Hex/Alch       52%        3d20      1%          5
 Conjure Ball Lightning   Conj/Air       52%        3x3d18    1%          6
 Death Channel            Necr           52%        N/A       1%          6
 Sculpt Simulacrum        Ice/Alch       52%        N/A       1%          6
 Starburst                Conj/Fire      52%        6d14      1%          6
 Summon Cactus Giant      Summ           52%        N/A       1%          6
 Enfeeble                 Hex            52%        N/A       3%          7
 Malign Gateway           Summ/Tloc      52%        N/A       3%          7
 Orb of Destruction       Conj           52%        9d13      3%          7
 Ozocubu's Refrigeration  Ice            52%        4d19      3%          7
 Spellforged Servitor     Conj/Summ      52%        N/A       3%          7
 Summon Hydra             Summ           52%        N/A       3%          7
 Lehudib's Crystal Spear  Conj/Erth      52%        10d12     26%         8
 Ignition                 Fire           52%        3d14      28%         8
 Infestation              Necr           52%        N/A       28%         8
 Dragon's Call            Summ           52%        N/A       99%         9
 Polar Vortex             Ice            52%        12d6*     99%         9


Dungeon Overview and Level Annotations

Branches:
Dungeon (15/15)            Temple (1/1) D:4            Lair (5/5) D:8
  Swamp (4/4) Lair:3        Snake (4/4) Lair:2        Slime (5/5) Lair:4
    Orc (2/2) D:11            Elf (3/3) Orc:2        Vaults (4/5) D:13
 Depths (4/4) D:15            Zot (5/5) Depths:4    Volcano (visited)
Gauntlet (visited)
  Crypt: Vaults:2-3

Altars:
Ashenzari
Cheibriados
Dithmenos
Elyvilon
Fedhas
Gozag
Hepliaklqana
Kikubaaqudgha
Makhleb
Nemelex Xobeh
Okawaru
Qazlal
Ru
Sif Muna
Trog
Uskayaw
Vehumet
Wu Jian
Xom
Yredelemnul
Zin
The Shining One
Beogh
Jiyva
Lugonu

Shops:
D:1 *   D:11 (   Orc:2 ?([*   Elf:1 ?   Snake:1 (   Snake:2 =:=[   Snake:3 =*
Vaults:3 !   Vaults:4 !   Depths:2 !

Portals:
Hell: Depths:1 Depths:2 Depths:3 Depths:4
Abyss: Depths:1 Depths:3
Pandemonium: Depths:2 Depths:3 Depths:4
Ziggurat: Depths:1

Annotations:
Lair:2 exclusion: downstairs
Swamp:3 exclusion: downstairs
Snake:1 exclusion: downstairs
Slime:5 exclusion: upstairs
Elf:2 5 runed translucent doors
Vaults:3 exclusions: bone dragon, 2 doors and downstairs
Depths:2 1 runed translucent door, AutarchDCSS's ghost, veteran BaAE
Zot:3 4 transporters
Abyss:1 Saint Roka


Innate Abilities, Weirdness & Mutations

You have extremely sharp teeth.
Your uncanny sense of smell can sniff out nearby items.
Your experience applies equally to all skills.
You have sharp toenails.
You are partially covered in large bone plates. (SH +4)
You possess an exceptional clarity of mind.
Armour fits poorly on your strangely shaped body.
You are dopey. (Int -2)
You are frail. (-10% HP)


Message History

(P) Snake Pit (M) Slime Pits (O) Orcish Mines (E) Elven Halls (V) Vaults (U) Depths (H) Hell (Z) Zot
Where to? (Tab/Enter - D:1 @ (x,y), ? - help)
There is a stone staircase leading down here.
You feel yourself speed up.
There is a stone staircase leading up here.
You climb upwards.
There is a stone staircase leading down here.
You see here an adder skeleton.
There is a stone staircase leading up here.
You climb upwards.
There is a stone staircase leading down here.
There is a stone staircase leading up here.
You climb upwards.
There is a stone staircase leading down here.
A reaper comes into view. It is wielding a +1 scythe of venom.
The reaper hits you from afar with a +1 scythe of venom!
The reaper drags you backwards!
You thrash the reaper!! You bite the reaper, but do no damage.
Your +9 spectral demon whip hits the reaper.
You barely miss the reaper.
Your +9 spectral demon whip hits the reaper!
The reaper hits your +9 spectral demon whip with a +1 scythe of venom!!
Your spectral weapon shares its damage with you!
The reaper drags your +9 spectral demon whip backwards!
Your +9 spectral demon whip disappears.
The reaper completely misses you. You block the reaper's attack.
You thrash the reaper!! You bite the reaper, but do no damage.
Your +9 spectral demon whip hits the reaper!
You kill the reaper!
Cheibriados appreciates the change of pace.
(D) Dungeon (T) Temple (L) Lair (S) Swamp (P) Snake Pit (M) Slime Pits (O) Orcish Mines (E) Elven Halls (V) Vaults (U) Depths (H) Hell (Z) Zot
Where to? (Tab/Enter - D:1 @ (x,y), ? - help)
Your +9 spectral demon whip disappears.
There is an open door here.
There is an open door here.
There is a staircase leading out of the dungeon here.
You have escaped!

...##.#.# #........# #.##.#
...##.#.# #.#####..########.##.#
...##.#.# #.# ###..#........##.#
...##.#.# #.###....#.#########..
......#.# #.....................
...####.####.++++++.##.########..
.÷...........'....+...........#..
########.##..+.÷..+..#.######.###
.......#.##..'..@.+............#
######.#.##..+....+............#
## #.#.###.+++'++.#..........#
.### #.#.# #........#..........#
...# #.#.# #####....#.÷........#
...# #.#.# ####.#..........# ...#
#.#.# #.#..........## ...# #.#.#
##'#............ ...###.#.#
#...............


There were no monsters in sight!

Vanquished Creatures
  Dissolution (Slime:2)
  the Royal Jelly (Slime:5)
  3 dread liches
  2 ancient liches
  Frederick (Vaults:4)
  5 orbs of fire
  2 juggernauts (Depths:4)
  3 Killer Klowns
  Boris (twice) (Vaults:1 Depths:2)
  Vv (Zot:3)
  Josephina (Zot:1)
  The ghost of jfitz the Axe Maniac, a veteran MiBe of Trog (Depths:1)
  2 caustic shrikes
  Vashnia (Snake:4)
  Margery (Vaults:3)
  16 golden dragons
  The ghost of Lucarghiu the Victor of a Thousand Battles, a veteran GnWn of Okawaru (Depths:1)
  Norris (Vaults:2)
  The ghost of occam the Metamorph, a veteran OpAE of Jiyva (Depths:1)
  An electric golem (Zot:5)
  Nikola (Swamp:1)
  A Brimstone Fiend (D:10)
  A hellephant (D:7)
  A lich (Zot:1)
  Zenata (Vaults:1)
  Mlioglotl (Swamp:4)
  9 quicksilver dragons
  22 tentacled monstrosities
  23 Orb Guardians
  4 sphinxes
  A deep elf blademaster (Elf:3)
  A searing wretch (Vaults:3)
  2 deep elf master archers (Elf:3)
  25 acid blobs
  Asterion (Elf:3)
  An Executioner (D:6)
  8 death cobs
  8 shadow dragons
  A tengu reaver (Depths:2)
  Aizul (Snake:2)
  The ghost of Gryn the Marksgoblin, an adept CoHu of Cheibriados (Snake:1)
  14 storm dragons
  2 draconian knights
  8 draconian monks
  3 protean progenitors
  12 fire giants
  5 frost giants
  9 azure jellies
  5 deep elf sorcerers
  15 rockslimes
  10 nagarajas
  4 spectral caustic shrikes (Depths:4)
  8 vault wardens
  2 ghost moths
  5 draconian shifters
  An emperor scorpion (D:15)
  6 draconian scorchers
  The ghost of Xuahaunu the Gelid, an adept MfIE of Vehumet (Elf:1)
  2 iron dragons
  A balrug (D:14)
  2 reapers
  A spriggan defender (Depths:2)
  4 deep elf elementalists (Elf:3)
  4 draconian stormcallers
  20 ironbound preservers
  2 orc warlords
  3 cacodemons
  8 draconian annihilators
  15 stone giants
  16 quicksilver oozes
  6 eleionomae
  5 ironbound thunderhulks
  4 formless jellyfish
  11 green draconians
  25 very ugly things
  A vampire knight (Depths:1)
  11 red draconians
  Azrael (D:12)
  4 deep elf demonologists
  5 bunyips
  A lorocyproca (D:6)
  16 black draconians
  11 deep elf annihilators
  3 war gargoyles
  14 white draconians
  A minotaur (Gauntlet)
  16 purple draconians
  7 dire elephants
  2 deep elf death magi (Elf:3)
  12 yellow draconians
  5 crystal guardians
  2 green deaths
  3 jiangshi
  4 shambling mangroves
  10 ettins
  An entropy weaver (Vaults:3)
  12 fire dragons
  7 deep elf high priests
  6 yaktaur captains
  9 great orbs of eyes
  3 peacekeepers
  14 hydras
  10 vault guards
  10 spriggan air magi
  A juggernaut simulacrum (Depths:3)
  A salamander tyrant (Snake:4)
  2 rakshasas
  6 ghost crabs
  4 alligators
  An ogre mage (D:13)
  A spriggan skeleton (Depths:3)
  9 ice dragons
  8 ironbound frosthearts
  14 anacondas
  7 centaur warriors
  5 death yaks
  3 boulder beetles
  4 two-headed ogres
  7 deep troll earth magi
  8 dancing weapons
  2 vampire magi
  Urug (Lair:1)
  17 naga warriors
  2 shock serpents
  The ghost of mycrawlcharacter the Severer, a novice MiBe of Trog (D:9)
  3 deep troll shamans
  7 spriggan berserkers
  2 occultists
  9 tengu warriors
  9 deep elf knights
  2 hell hogs (Depths:1)
  8 sun demons
  20 hell knights
  13 naga sharpshooters
  A skyshark (shapeshifter) (Elf:1)
  3 iron trolls
  6 skysharks
  3 soul eaters
  7 goliath frogs
  4 glowing orange brains
  A sea snake (shapeshifter) (Vaults:1)
  4 sixfirhies
  4 death drakes
  A fire crab (Gauntlet)
  8 salamander mystics
  2 orb spiders (Zot:2)
  9 mana vipers
  12 naga ritualists
  10 arcanists
  3 spriggan druids
  68 deep trolls
  A sun moth (shapeshifter) (Elf:1)
  13 bog bodies
  A tengu zombie (Depths:3)
  5 lindwurms
  3 flayed ghosts
  14 swamp dragons
  8 deep elf archers
  An orange crystal statue (Gauntlet)
  6 orc knights
  A wolf spider (D:13)
  5 necromancers
  15 ironbound convokers
  19 deep elf pyromancers
  3 harpies (Vaults:4)
  52 ugly things
  6 orc sorcerers
  A cyclops (shapeshifter) (Elf:1)
  20 deep elf zephyrmancers
  An iron dragon zombie (Depths:3)
  7 shining eyes
  5 will-o-the-wisps
  A mana viper (shapeshifter) (Zot:1)
  A manticore (D:15)
  12 salamanders
  3 cyclopes
  An elephant (shapeshifter) (Depths:3)
  A fire giant skeleton (Depths:3)
  24 moths of wrath
  6 elephants
  4 guardian serpents
  6 kobold blastminers
  A rust devil (Depths:3)
  15 naga magi
  5 smoke demons (Depths:1)
  14 vault sentinels
  An eye of devastation (Slime:3)
  3 large abominations
  8 cane toads
  2 unseen horrors
  A cane toad (shapeshifter) (Elf:1)
  42 black mambas
  A hellion (Depths:1)
  4 gargoyles
  2 rime drakes (Lair:5)
  2 kobold demonologists
  7 komodo dragons
  An efreet (D:14)
  26 yaktaurs
  Psyche (D:11)
  A tormentor (Depths:3)
  2 tengu conjurers
  A yaktaur (shapeshifter) (D:14)
  9 trolls
  10 tyrant leeches
  A bloated husk (Swamp:4)
  7 blink frogs
  20 hornets
  5 glass eyes
  A hornet (shapeshifter) (Elf:1)
  2 snapping turtles (shapeshifter)
  146 slime creatures
  6 water elementals
  Sigmund (D:2)
  4 air elementals
  10 wyverns
  2 wraiths
  A yak (shapeshifter) (Elf:1)
  16 spriggans
  3 fire elementals
  A human (D:13)
  21 yaks
  9 fire bats
  A warg (Orc:2)
  12 golden eyes
  3 basilisks
  2 redbacks (Lair:5)
  10 vampire mosquitoes
  A purple draconian simulacrum (Zot:1)
  2 chaos spawn
  A green draconian simulacrum (Zot:1)
  18 swamp worms
  38 nagas
  10 water moccasins
  3 acid dragons
  A nameless horror (Elf:1)
  5 hell hounds
  3 moth of wrath simulacra (Zot:1)
  8 swamp drakes
  12 orc warriors
  2 ice beasts
  A black bear (shapeshifter) (Elf:1)
  2 laughing skulls (D:14)
  3 black bears
  8 ogres
  3 boggarts (Vaults:1)
  8 centaurs
  8 wolves
  3 phantoms
  2 gnoll sergeants
  A kobold brigand (D:7)
  8 bullfrogs
  2 elf zombies (Elf:1)
  2 scorpions
  A wight (D:8)
  9 killer bees
  An electric eel (Lair:4)
  4 howler monkeys
  2 bombardier beetles
  5 jellies
  5 lava snakes (Volcano)
  Crazy Yiuf (D:5)
  16 orc priests
  4 hounds
  Ijyb (D:3)
  Terence (D:2)
  6 iguanas
  14 orc wizards
  11 gnolls
  7 adders
  3 shadow imps
  3 ufetubi
  6 dart slugs
  2 ribbon worms
  52 orcs
  9 bats
  3 endoplasms
  5 giant cockroaches
  2 goblins (D:1)
  7 hobgoblins
  2 jackals (D:1)
  3 training dummies (Snake:1)
  4 ball pythons
  5 frilled lizards
  8 kobolds
  3 rats
  2 aspiring fleshes
1975 creatures vanquished.

Vanquished Creatures (collateral kills)
  A tentacled monstrosity (Zot:3)
  2 draconian knights
  A draconian monk (Zot:3)
  A red draconian (Zot:5)
  A deep elf death mage (Elf:1)
  3 purple draconians
  A spark wasp (Zot:3)
  Snorg (Lair:5)
  2 vault guards (D:13)
  A two-headed ogre (D:10)
  A centaur warrior (D:13)
  An anaconda (Snake:1)
  2 dancing weapons (Elf:1)
  A death yak (Lair:3)
  3 orc high priests
  2 skysharks (Lair:3)
  A soul eater (Gauntlet)
  A deep troll (Vaults:1)
  A lindwurm (Vaults:1)
  An ironbound convoker (Vaults:1)
  A naga ritualist (Snake:1)
  2 orc knights
  A wolf spider (Lair:5)
  An orc sorcerer (Volcano)
  4 ugly things
  2 salamanders
  A cyclops (Orc:1)
  2 vault sentinels (Vaults:1)
  2 black mambas
  4 elephants (Lair:4)
  4 kobold blastminers (Orc:2)
  A naga mage (Snake:1)
  3 large abominations (Elf:1)
  3 cane toads
  2 rime drakes
  4 komodo dragons
  5 trolls
  A hellwing (Zot:2)
  2 polar bears (Lair:1)
  An air elemental (Elf:3)
  13 blink frogs
  5 slime creatures
  A shadow (D:10)
  3 wyverns
  25 yaks
  A human (D:11)
  2 wargs
  3 fire bats (Gauntlet)
  4 fire elementals
  A redback (Lair:5)
  3 basilisks
  5 nagas
  9 water moccasins
  3 hell hounds
  21 orc warriors
  2 centaurs (D:13)
  An ogre (Orc:2)
  10 wolves
  An elf zombie (Elf:1)
  5 bullfrogs
  4 wights (D:8)
  A howler monkey (D:8)
  12 orc priests
  7 orc wizards
  7 gnolls
  A shadow imp (Gauntlet)
  49 orcs
  5 hobgoblins (Orc:1)
278 creatures vanquished.

Vanquished Creatures (others)
  A vault warden (Vaults:1)
  A vampire knight (Depths:3)
  A yaktaur captain (Depths:3)
  A boulder beetle (D:13)
  A naga warrior (Snake:1)
  A shock serpent (Snake:4)
  2 hell knights (Depths:1)
  2 bloated husks
  A fire bat (Depths:1)
  12 foxfires
  8 spectral weapons
31 creatures vanquished.

Grand Total: 2284 creatures vanquished

Notes
Turn   | Place    | Note
-------+----------+-------------------------------------------
     0 | D:1      | ragingrage the Gnoll Air Elementalist began the quest for
                  | the Orb.
     0 | D:1      | Reached XP level 1. HP: 13/13 MP: 6/6
   203 | D:1      | Reached XP level 2. HP: 19/19 MP: 1/7
   317 | D:1      | Learned a level 2 spell: Static Discharge
   738 | D:1      | Reached skill level 5 in Spellcasting
   738 | D:1      | Reached XP level 3. HP: 25/25 MP: 5/9
  1094 | D:1      | Found a faded altar of an unknown god.
  1122 | D:1      | Found Woikhemn's Assorted Antiques.
  1130 | D:1      | Bought a sedimented white potion for 17 gold pieces
  1199 | D:1      | Reached skill level 1 in Invocations
  1327 | D:2      | Reached skill level 1 in Fighting
  1327 | D:2      | Reached skill level 1 in Short Blades
  1327 | D:2      | Reached skill level 1 in Long Blades
  1327 | D:2      | Reached skill level 1 in Axes
  1327 | D:2      | Reached skill level 1 in Maces & Flails
  1327 | D:2      | Reached skill level 1 in Polearms
  1327 | D:2      | Reached skill level 1 in Staves
  1327 | D:2      | Reached skill level 1 in Ranged Weapons
  1327 | D:2      | Reached skill level 1 in Throwing
  1327 | D:2      | Reached skill level 1 in Armour
  1327 | D:2      | Reached skill level 1 in Shields
  1327 | D:2      | Reached skill level 1 in Unarmed Combat
  1327 | D:2      | Reached skill level 1 in Evocations
  1355 | D:2      | Noticed Sigmund
  1411 | D:2      | Reached skill level 1 in Shapeshifting
  1411 | D:2      | Reached XP level 4. HP: 29/32 MP: 8/11
  1460 | D:2      | Noticed Terence
  1669 | D:2      | Reached skill level 1 in Hexes
  1669 | D:2      | Reached skill level 1 in Summonings
  1669 | D:2      | Reached skill level 1 in Necromancy
  1669 | D:2      | Reached skill level 1 in Translocations
  1669 | D:2      | Reached skill level 1 in Fire Magic
  1669 | D:2      | Reached skill level 1 in Ice Magic
  1669 | D:2      | Reached skill level 1 in Earth Magic
  1669 | D:2      | Reached skill level 1 in Alchemy
  2201 | D:2      | Learned a level 2 spell: Blink
  2206 | D:2      | Learned a level 4 spell: Airstrike
  2225 | D:2      | Killed Sigmund
  2226 | D:2      | Reached XP level 5. HP: 29/38 MP: 7/12
  2226 | D:2      | Reached XP level 6. HP: 33/44 MP: 8/14
  2362 | D:3      | Reached skill level 5 in Dodging
  2598 | D:3      | Noticed Ijyb
  2653 | D:3      | Reached skill level 2 in Staves
  2682 | D:3      | Found a radiant altar of Vehumet.
  3004 | D:4      | Found a staircase to the Ecumenical Temple.
  3013 | Temple   | Entered the Ecumenical Temple
  3036 | D:4      | Found a sacrificial altar of Ru.
  3041 | D:4      | Became a worshipper of Ru the Awakened
  3431 | D:4      | Noticed a black bear
  3533 | D:4      | Found a glowing silver altar of Zin.
  3533 | D:4      | Found a sparkling altar of Nemelex Xobeh.
  3537 | D:4      | Found a snail-covered altar of Cheibriados.
  3537 | D:4      | Found a bloodstained altar of Trog.
  3553 | D:4      | Fell from the grace of Ru
  3553 | D:4      | Became a worshipper of Cheibriados the Contemplative
  4009 | D:5      | Entered Level 5 of the Dungeon
  4383 | D:5      | Reached XP level 7. HP: 39/50 MP: 11/15
  4467 | D:5      | Found a runed translucent door.
  4468 | D:5      | Noticed Crazy Yiuf
  4862 | D:5      | Reached skill level 5 in Stealth
  5118 | D:5      | Found a broken altar of Ashenzari.
  5506 | D:6      | Learned a level 5 spell: Irradiate
  5582 | D:6      | Reached skill level 3 in Staves
  5582 | D:6      | Reached XP level 8. HP: 48/58 MP: 8/16
  5663 | D:6      | Reached * piety under Cheibriados
  7217 | D:7      | Learned a level 4 spell: Summon Lightning Spire
  7446 | D:7      | Reached ** piety under Cheibriados
  7554 | D:7      | Reached skill level 4 in Staves
  7554 | D:7      | Reached XP level 9. HP: 58/65 MP: 9/18
  7980 | D:7      | Found a basalt altar of Yredelemnul.
  9407 | D:8      | Identified the +4 ring mail of the Silversmith {Int+3}
  9410 | D:8      | Reached skill level 5 in Invocations
  9936 | D:8      | Reached *** piety under Cheibriados
  9990 | D:8      | Found an iron altar of Okawaru.
 10011 | D:8      | Identified a scroll of acquirement
 10142 | D:8      | Acquired the staff "Doatwyph" {rElec Str+3 Int+4 SInv Air}
 10363 | D:8      | Found a staircase to the Lair.
 10927 | D:9      | Noticed a troll
 10927 | D:9      | Found a runed translucent gate.
 10929 | D:9      | Killed a troll
 10930 | D:9      | Reached skill level 5 in Fighting
 10930 | D:9      | Reached skill level 5 in Short Blades
 10930 | D:9      | Reached skill level 5 in Long Blades
 10930 | D:9      | Reached skill level 5 in Axes
 10930 | D:9      | Reached skill level 5 in Maces & Flails
 10930 | D:9      | Reached skill level 5 in Polearms
 10930 | D:9      | Reached skill level 5 in Staves
 10930 | D:9      | Reached skill level 5 in Ranged Weapons
 10930 | D:9      | Reached skill level 5 in Throwing
 10930 | D:9      | Reached skill level 5 in Armour
 10930 | D:9      | Reached skill level 5 in Shields
 10930 | D:9      | Reached skill level 5 in Unarmed Combat
 10930 | D:9      | Reached skill level 5 in Evocations
 10930 | D:9      | Reached XP level 10. HP: 74/74 MP: 11/20
 10930 | D:9      | Noticed a kobold demonologist
 11059 | D:9      | Killed a kobold demonologist
 11167 | D:9      | Found a runed translucent gate.
 11564 | D:9      | Identified the +5 hand axe of Guilt {freeze, *Slow rF+ rC+
                  | rCorr Int+2}
 11899 | D:9      | Reached **** piety under Cheibriados
 12682 | D:9      | Found an opulent altar of Gozag.
 12685 | D:9      | Reached skill level 5 in Conjurations
 12884 | D:9      | Found an ornate altar of the Wu Jian Council.
 12890 | D:9      | Found a runed translucent gate.
 12891 | D:9      | Noticed mycrawlcharacter's ghost (novice MiBe)
 13043 | D:9      | Found a viscous altar of Jiyva.
 13069 | D:10     | Entered Level 10 of the Dungeon
 13256 | D:10     | Noticed an unseen horror
 13258 | D:10     | Killed an unseen horror
 13259 | D:10     | Reached skill level 5 in Shapeshifting
 13431 | D:10     | Identified the +1 robe of Inquiry {Harm +Inv Will+ Dex+4}
 13604 | D:10     | Found a blossoming altar of Fedhas.
 13775 | D:10     | Found a burning altar of Makhleb.
 14102 | D:10     | Found a shadowy altar of Dithmenos.
 14495 | D:10     | Found a white marble altar of Elyvilon.
 14500 | D:10     | Noticed a two-headed ogre
 14505 | D:10     | Killed a two-headed ogre
 14681 | D:10     | Found a stormy altar of Qazlal.
 14932 | Lair:1   | Entered Level 1 of the Lair of Beasts
 14951 | Lair:1   | Identified the +2 ring mail of Wemer {Str+8}
 14983 | Lair:1   | Reached skill level 6 in Staves
 14983 | Lair:1   | Reached skill level 5 in Hexes
 14983 | Lair:1   | Reached skill level 5 in Summonings
 14983 | Lair:1   | Reached skill level 5 in Necromancy
 14983 | Lair:1   | Reached skill level 5 in Translocations
 14983 | Lair:1   | Reached skill level 5 in Fire Magic
 14983 | Lair:1   | Reached skill level 5 in Ice Magic
 14983 | Lair:1   | Reached skill level 5 in Earth Magic
 14983 | Lair:1   | Reached skill level 5 in Alchemy
 15044 | Lair:1   | Reached XP level 11. HP: 81/81 MP: 16/22
 15060 | Lair:1   | Noticed Urug
 15068 | Lair:1   | Killed Urug
 15114 | Lair:1   | Found a dark tunnel.
 15213 | Volcano  | Entered a volcano
 15511 | Volcano  | Reached ***** piety under Cheibriados
 15709 | Volcano  | Noticed an orc sorcerer
 15739 | Volcano  | Killed an orc sorcerer
 15766 | Volcano  | Noticed a sun demon
 15767 | Volcano  | Noticed a red ugly thing
 15801 | Volcano  | Killed a red ugly thing
 15847 | Volcano  | Killed a sun demon
 15996 | Volcano  | Found a burning altar of Makhleb.
 16063 | Volcano  | Noticed an obsidian statue
 16366 | Volcano  | Noticed a soul eater
 16509 | Volcano  | Gained mutation: Your magical capacity is low. (-10% MP) [a
                  | neqoxec]
 16583 | Volcano  | Noticed a sixfirhy
 17453 | Lair:1   | Reached skill level 7 in Staves
 17499 | Lair:1   | Reached XP level 12. HP: 91/91 MP: 12/22
 17558 | Lair:1   | Identified the +4 flail of Unpleasantness {flame, rN+ Will+
                  | Int+3}
 19102 | Lair:2   | Found a staircase to the Snake Pit.
 20286 | Lair:3   | Reached skill level 8 in Staves
 20287 | Lair:3   | Noticed a skyshark
 20293 | Lair:3   | Killed a skyshark
 20472 | Lair:3   | Noticed a five-headed hydra
 20475 | Lair:3   | Reached ****** piety under Cheibriados
 20476 | Lair:3   | Noticed a skyshark
 20477 | Lair:3   | Killed a five-headed hydra
 20478 | Lair:3   | Reached XP level 13. HP: 94/98 MP: 3/23
 20953 | Lair:3   | Reached skill level 10 in Spellcasting
 21305 | Lair:3   | Got the Encyclopedia of Horrible Angles
 21443 | Lair:3   | Found a staircase to the Swamp.
 21443 | Lair:3   | Noticed an eleionoma
 21453 | Lair:3   | Learned a level 5 spell: Borgnjor's Vile Clutch
 21649 | Lair:3   | Noticed an ice dragon
 21656 | Lair:3   | Killed an ice dragon
 22064 | Lair:4   | Got the Directory of Polar Burning
 22095 | Lair:4   | Reached skill level 10 in Dodging
 22589 | Lair:4   | Found a viscous altar of Jiyva.
 22589 | Lair:4   | Found a staircase to the Slime Pits.
 22622 | Lair:4   | Reached skill level 9 in Staves
 22765 | Lair:4   | Reached skill level 10 in Stealth
 23815 | Lair:5   | Entered Level 5 of the Lair of Beasts
 23827 | Lair:5   | Reached XP level 14. HP: 108/108 MP: 3/25
 24074 | Lair:5   | Reached skill level 10 in Invocations
 25497 | Lair:5   | Noticed Snorg
 25500 | Lair:5   | Killed Snorg
 27191 | D:11     | Noticed Psyche
 27193 | D:11     | Killed Psyche
 27865 | D:11     | Found a staircase to the Orcish Mines.
 28498 | D:11     | Found Ciestruas's Weapon Shop.
 28861 | Orc:1    | Entered Level 1 of the Orcish Mines
 29354 | Orc:1    | Reached skill level 10 in Air Magic
 30023 | Orc:2    | Entered Level 2 of the Orcish Mines
 30327 | Orc:1    | Reached skill level 10 in Fighting
 30327 | Orc:1    | Reached skill level 10 in Short Blades
 30327 | Orc:1    | Reached skill level 10 in Long Blades
 30327 | Orc:1    | Reached skill level 10 in Axes
 30327 | Orc:1    | Reached skill level 10 in Maces & Flails
 30327 | Orc:1    | Reached skill level 10 in Polearms
 30327 | Orc:1    | Reached skill level 10 in Staves
 30327 | Orc:1    | Reached skill level 10 in Ranged Weapons
 30327 | Orc:1    | Reached skill level 10 in Throwing
 30327 | Orc:1    | Reached skill level 10 in Armour
 30327 | Orc:1    | Reached skill level 10 in Shields
 30327 | Orc:1    | Reached skill level 10 in Unarmed Combat
 30327 | Orc:1    | Reached skill level 10 in Evocations
 30557 | Orc:2    | Found a roughly hewn altar of Beogh.
 30808 | Orc:2    | Found a staircase to the Elven Halls.
 30904 | Orc:2    | Found a roughly hewn altar of Beogh.
 31035 | Orc:2    | Found a roughly hewn altar of Beogh.
 31062 | Orc:2    | Found Xaihif's General Store.
 31088 | Orc:2    | Bought a potion of brilliance for 56 gold pieces
 31131 | Orc:2    | Found a roughly hewn altar of Beogh.
 31134 | Orc:2    | Reached XP level 15. HP: 115/115 MP: 22/27
 31259 | Orc:2    | Noticed an orc warlord
 31266 | Orc:2    | Killed an orc warlord
 32133 | Orc:2    | Found a roughly hewn altar of Beogh.
 32155 | Orc:2    | Found Otrae's Magic Scroll Boutique.
 32214 | Orc:2    | Found Ufreirul's Antique Armour Shop.
 32215 | Orc:2    | Found a roughly hewn altar of Beogh.
 32216 | Orc:2    | Found Lubemmik's Antique Weapon Boutique.
 32229 | Orc:2    | Bought a pair of glowing gloves for 217 gold pieces
 32346 | Orc:2    | Acquired 1290 gold pieces
 32348 | Orc:2    | Acquired 719 gold pieces
 32387 | Orc:2    | Bought a scroll of butterflies for 56 gold pieces
 32387 | Orc:2    | Bought a scroll of acquirement for 728 gold pieces
 32387 | Orc:2    | Bought a scroll of vulnerability for 56 gold pieces
 32387 | Orc:2    | Acquired the +0 buckler of the Trombone {rElec rN+ Will+
                  | Int-4}
 33252 | D:12     | Found the +8 trident of the Octopus King {venom, rElec
                  | rPois}
 33745 | D:12     | Noticed Azrael
 34038 | D:12     | Killed Azrael
 35013 | D:13     | Got the Encyclopedia of the Undertaker
 35020 | D:13     | Learned a level 5 spell: Freezing Cloud
 35815 | D:13     | Found a gate to the Vaults.
 36403 | D:14     | Found a gate leading to a gauntlet.
 36450 | Gauntlet | Entered a Gauntlet
 36450 | Gauntlet | Found a transporter.
 36450 | Gauntlet | Found a transporter.
 36454 | Gauntlet | Found a transporter.
 36454 | Gauntlet | Found a transporter.
 36464 | Gauntlet | Found a transporter.
 36472 | Gauntlet | Found a transporter.
 36474 | Gauntlet | Found a transporter.
 36474 | Gauntlet | Found a transporter.
 36478 | Gauntlet | Found a transporter.
 36512 | Gauntlet | Found a transporter.
 36534 | Gauntlet | Found a transporter.
 36550 | Gauntlet | Found a transporter.
 36590 | Gauntlet | Found a transporter.
 36612 | Gauntlet | Found a transporter.
 36708 | Gauntlet | Found a transporter.
 36724 | Gauntlet | Found a transporter.
 37036 | Gauntlet | Identified the +0 pair of boots of Verdant Lucidity {+Inv
                  | MP+9 Dex-2}
 37244 | Gauntlet | Identified the +1 hand axe "Rummage" {freeze, rPois rC++
                  | SInv}
 37356 | D:14     | Learned a level 6 spell: Plasma Beam
 37457 | D:14     | Reached skill level 10 in Shapeshifting
 37542 | D:14     | Reached XP level 16. HP: 124/124 MP: 22/28
 38025 | D:14     | Reached skill level 11 in Staves
 38565 | D:15     | Entered Level 15 of the Dungeon
 39684 | D:15     | Found a staircase to the Depths.
 40414 | D:15     | Learned a level 5 spell: Arcjolt
 41026 | Swamp:1  | Entered Level 1 of the Swamp
 41177 | Snake:1  | Entered Level 1 of the Snake Pit
 42289 | Snake:1  | Found a transporter.
 42296 | Snake:1  | Found a bloodstained altar of Trog.
 42303 | Snake:1  | Found a transporter.
 42304 | Snake:1  | Noticed Gryn's ghost (adept CoHu)
 42420 | Snake:1  | Upgraded the game from 0.32-a0-411-g744942f433 to
                  | 0.32-a0-422-g28b100f618
 42443 | Snake:1  | Reached skill level 10 in Conjurations
 42985 | Snake:1  | Found Xutaupaf's Firing Range.
 43311 | Snake:2  | Noticed a nagaraja
 43311 | Snake:2  | Found a basalt altar of Yredelemnul.
 43315 | Snake:2  | Killed a nagaraja
 44080 | Snake:2  | Found Vumaist's Antique Armour Boutique.
 44308 | Snake:2  | Bought a glowing cloak for 255 gold pieces
 44517 | Snake:2  | Noticed a nagaraja
 44618 | Snake:2  | Killed a nagaraja
 44619 | Snake:2  | Reached XP level 17. HP: 133/133 MP: 26/30
 44800 | Snake:2  | Identified the serpent talisman of the Great Game {Str-3
                  | Int+3 SInv}
 44800 | Snake:2  | Noticed Aizul
 44803 | Snake:2  | Killed Aizul
 45433 | Snake:2  | Reached skill level 10 in Hexes
 45433 | Snake:2  | Reached skill level 10 in Summonings
 45433 | Snake:2  | Reached skill level 10 in Necromancy
 45433 | Snake:2  | Reached skill level 10 in Translocations
 45433 | Snake:2  | Reached skill level 10 in Fire Magic
 45433 | Snake:2  | Reached skill level 10 in Ice Magic
 45433 | Snake:2  | Reached skill level 10 in Earth Magic
 45433 | Snake:2  | Reached skill level 10 in Alchemy
 45674 | Snake:2  | Found Viudu's Book Boutique.
 45675 | Snake:2  | Found Qixefoh's Jewellery Shoppe.
 45675 | Snake:2  | Found Wirokes's Jewellery Shoppe.
 45685 | Snake:2  | Bought an amulet of magic regeneration for 360 gold pieces
 47090 | Snake:3  | Found Widghat's General Store.
 47094 | Snake:3  | Found Luahej's Jewellery Emporium.
 47098 | Snake:3  | Bought a +1 cloak of poison resistance for 229 gold pieces
 47117 | Snake:3  | Bought the ring of the Hare {EV+10} for 2688 gold pieces
 47117 | Snake:3  | Found the ring of the Hare {EV+10}
 47229 | Snake:4  | Entered Level 4 of the Snake Pit
 47257 | Snake:4  | Reached skill level 12 in Staves
 49877 | Snake:4  | Reached XP level 18. HP: 141/141 MP: 16/31
 50081 | Snake:4  | Noticed Vashnia
 50108 | Snake:4  | Killed Vashnia
 50243 | Snake:4  | Found an iron altar of Okawaru.
 50256 | Snake:4  | Got a serpentine rune of Zot
 50803 | Swamp:1  | Noticed Nikola
 50806 | Swamp:1  | Killed Nikola
 52703 | Swamp:3  | Reached skill level 13 in Staves
 53374 | Swamp:4  | Entered Level 4 of the Swamp
 54112 | Swamp:4  | Noticed Mlioglotl
 54118 | Swamp:4  | Killed Mlioglotl
 54130 | Swamp:4  | Reached XP level 19. HP: 149/149 MP: 14/33
 54495 | Swamp:4  | Learned a level 4 spell: Vhi's Electric Charge
 55122 | Swamp:4  | Got a decaying rune of Zot
 55256 | Swamp:4  | Identified the +0 scale mail "Ofuas" {Rampage rPois rC-
                  | Dex+5}
 55494 | Elf:1    | Entered Level 1 of the Elven Halls
 55526 | Elf:1    | Paralysed by an air elemental for 1 turns
 55534 | Orc:2    | Paralysed by an air elemental for 1 turns
 55723 | Orc:2    | Paralysed by an air elemental for 1 turns
 55858 | Elf:1    | Learned a level 6 spell: Summon Cactus Giant
 56061 | Elf:1    | Found a runed translucent gate.
 56061 | Elf:1    | Found a runed translucent gate.
 56061 | Elf:1    | Found a runed translucent gate.
 56063 | Elf:1    | Noticed a tentacled monstrosity
 56063 | Elf:1    | Noticed a tentacled monstrosity
 56063 | Elf:1    | Noticed a tentacled monstrosity
 56063 | Elf:1    | Noticed a tentacled monstrosity
 56620 | Elf:1    | Got Woepippi's Catalogue of the Crypt
 56699 | Elf:1    | Found Luetij Gyto's Magic Scroll Shoppe.
 56708 | Elf:1    | Bought a scroll of amnesia for 72 gold pieces
 56840 | Elf:1    | Killed a tentacled monstrosity
 56841 | Elf:1    | Killed a tentacled monstrosity
 56841 | Elf:1    | Killed a tentacled monstrosity
 56841 | Elf:1    | Killed a tentacled monstrosity
 56951 | Elf:1    | Found a runed translucent gate.
 56951 | Elf:1    | Found a runed translucent gate.
 56961 | Elf:1    | Found a runed translucent gate.
 56961 | Elf:1    | Noticed Xuahaunu's ghost (adept MfIE)
 57700 | Elf:2    | Reached skill level 15 in Invocations
 58093 | Elf:2    | Found a huge runed translucent gate.
 58093 | Elf:2    | Found a huge runed translucent gate.
 58093 | Elf:2    | Found a huge runed translucent gate.
 58093 | Elf:2    | Found a huge runed translucent gate.
 58093 | Elf:2    | Found a huge runed translucent gate.
 58507 | Elf:3    | Entered Level 3 of the Elven Halls
 58839 | Elf:3    | Paralysed by an air elemental for 1 turns
 58854 | Elf:3    | Reached XP level 20. HP: 158/158 MP: 26/34
 59007 | Elf:3    | Paralysed by an air elemental for 1 turns
 59217 | Elf:3    | Reached skill level 14 in Staves
 59243 | Elf:3    | Noticed Asterion
 59250 | Elf:3    | Killed Asterion
 61672 | Elf:3    | Reached skill level 15 in Spellcasting
 63756 | Elf:3    | Got the Monograph on Spectral Geology
 64788 | D:2      | Killed Terence
 64835 | D:3      | Killed Ijyb
 64954 | D:4      | Found a sparkling altar of Nemelex Xobeh.
 64955 | D:4      | Found a bloodstained altar of Trog.
 64959 | D:4      | Found a glowing silver altar of Zin.
 64959 | D:4      | Found a snail-covered altar of Cheibriados.
 65010 | D:4      | Found a staircase to the Ecumenical Temple.
 65028 | D:4      | Found a sacrificial altar of Ru.
 65698 | D:5      | Killed Crazy Yiuf
 66099 | D:9      | Killed mycrawlcharacter's ghost
 66311 | Snake:1  | Killed Gryn's ghost
 66661 | Snake:1  | Identified the +1 pair of gloves "Piuxuix" {-Tele Rampage
                  | rF++ Regen+}
 66915 | Vaults:1 | Entered Level 1 of the Vaults
 66938 | Vaults:1 | Reached skill level 15 in Dodging
 66938 | Vaults:1 | Noticed Zenata
 66939 | Vaults:1 | Identified the +3 robe of the Summoning Gods {+Inv rN+
                  | Slay+4}
 66939 | Vaults:1 | Noticed Boris
 67108 | Vaults:1 | Learned a level 7 spell: Haunt
 67473 | Vaults:2 | Noticed Norris
 67483 | Vaults:2 | Killed Norris
 67540 | Vaults:2 | Reached skill level 15 in Stealth
 68760 | Vaults:3 | Reached XP level 21. HP: 166/166 MP: 7/36
 69338 | Vaults:2 | Reached skill level 15 in Staves
 69523 | Vaults:2 | Found a white marble altar of Elyvilon.
 71829 | Vaults:3 | Found Potidgh's Distillery.
 71838 | Vaults:3 | Bought a potion of brilliance for 88 gold pieces
 71903 | Vaults:3 | Noticed a bone dragon
 71929 | Vaults:3 | Noticed Margery
 71937 | Vaults:3 | Killed Margery
 71943 | Vaults:3 | Reached skill level 15 in Fighting
 71943 | Vaults:3 | Reached skill level 15 in Short Blades
 71943 | Vaults:3 | Reached skill level 15 in Long Blades
 71943 | Vaults:3 | Reached skill level 15 in Axes
 71943 | Vaults:3 | Reached skill level 15 in Maces & Flails
 71943 | Vaults:3 | Reached skill level 15 in Polearms
 71943 | Vaults:3 | Reached skill level 15 in Ranged Weapons
 71943 | Vaults:3 | Reached skill level 15 in Throwing
 71943 | Vaults:3 | Reached skill level 15 in Armour
 71943 | Vaults:3 | Reached skill level 15 in Shields
 71943 | Vaults:3 | Reached skill level 15 in Unarmed Combat
 71943 | Vaults:3 | Reached skill level 15 in Evocations
 73482 | Vaults:1 | Killed Zenata
 73712 | Vaults:1 | Reached skill level 16 in Staves
 74043 | Vaults:1 | Killed Boris
 74715 | Vaults:4 | Reached XP level 22. HP: 175/175 MP: 18/37
 75501 | Vaults:4 | Identified the orb of the Moon {*channel, SInv Alchemy}
 75501 | Vaults:4 | Noticed Frederick
 75575 | Vaults:3 | Learned a level 6 spell: Bombard
 75760 | Vaults:4 | Killed Frederick
 76247 | Vaults:4 | Found Tegg's Distillery.
 76274 | Vaults:4 | Bought a potion of heal wounds for 80 gold pieces
 76274 | Vaults:4 | Bought 2 potions of brilliance for 128 gold pieces
 77254 | Vaults:4 | Reached skill level 17 in Staves
 78119 | Slime:1  | Entered Level 1 of the Pits of Slime
 78124 | Slime:1  | Gained mutation: You occasionally lose the ability to read
                  | scrolls when taking damage. [a shining eye]
 78222 | Lair:4   | Lost mutation: You occasionally lose the ability to read
                  | scrolls when taking damage. [potion of mutation]
 78222 | Lair:4   | Lost mutation: Your magical capacity is low. (-10% MP)
                  | [potion of mutation]
 78222 | Lair:4   | Gained mutation: You possess an exceptional clarity of
                  | mind. [potion of mutation]
 78222 | Lair:4   | Gained mutation: You are partially covered in large bone
                  | plates. (SH +4) [potion of mutation]
 78222 | Lair:4   | Gained mutation: You have sharp toenails. [potion of
                  | mutation]
 79111 | Slime:2  | Noticed Dissolution
 79115 | Slime:2  | Killed Dissolution
 80146 | Slime:3  | Reached XP level 23. HP: 171/183 MP: 31/43
 81958 | Slime:5  | Entered Level 5 of the Pits of Slime
 82561 | Slime:5  | Gained mutation: You are dopey. (Int -2) [a shining eye]
 82588 | Slime:5  | Gained mutation: You have extremely sharp teeth. [a shining
                  | eye]
 83469 | Slime:5  | Reached skill level 18 in Staves
 83469 | Slime:5  | Reached skill level 15 in Shapeshifting
 83530 | Slime:5  | Noticed the Royal Jelly
 83538 | Slime:5  | Killed the Royal Jelly
 84369 | Slime:5  | Identified the +5 scimitar of Vuhofas {speed, rElec Will+}
 84401 | Slime:5  | Identified the staff "Otrionog" {rElec rC++ rCorr Int-5
                  | SInv Air}
 84403 | Slime:5  | Identified the +2 falchion of Jagh {drain, Int+5}
 84406 | Slime:5  | Identified the +8 dagger of Trauma {protect, rElec rF++
                  | Dex-4 SInv}
 84408 | Slime:5  | Got a slimy rune of Zot
 84417 | Slime:5  | Got the Anthology of Hapless Portals
 84457 | Slime:5  | Identified the amulet of Summertime {Rampage rElec Regen+
                  | rCorr Stlth-}
 84957 | Depths:1 | Entered Level 1 of the Depths
 85591 | Depths:1 | Found a broken altar of Ashenzari.
 85634 | Depths:1 | Found a gateway to Hell.
 85642 | Depths:1 | Reached skill level 15 in Air Magic
 86075 | Depths:1 | Found a one-way gateway to a ziggurat.
 86196 | Depths:1 | Found a runed translucent gate.
 86196 | Depths:1 | Found a runed translucent gate.
 86196 | Depths:1 | Found a runed translucent gate.
 86196 | Depths:1 | Noticed occam's ghost (veteran OpAE)
 86197 | Depths:1 | Noticed jfitz's ghost (veteran MiBe)
 86197 | Depths:1 | Noticed Lucarghiu's ghost (veteran GnWn)
 86216 | Depths:1 | Noticed Saint Roka
 86230 | Depths:1 | Banished Saint Roka
 86556 | Depths:1 | Found a corrupted altar of Lugonu.
 86556 | Depths:1 | Found a one-way gate to the infinite horrors of the Abyss.
 86902 | Depths:1 | Killed occam's ghost
 86911 | Depths:1 | Killed jfitz's ghost
 86912 | Depths:1 | Reached XP level 24. HP: 163/193 MP: 14/44
 86923 | Depths:1 | Killed Lucarghiu's ghost
 86995 | Depths:1 | Identified the +2 pair of gloves of Yfascheur {*Corrode
                  | Regen+ Str+5 SInv}
 87740 | Depths:2 | Identified the +6 whip "Kaptufyn" {antimagic, ^Fragile
                  | rPois SInv}
 87813 | Depths:2 | Identified the ring of Levity {Will+ SInv}
 87967 | Depths:2 | Reached skill level 19 in Staves
 88163 | Depths:2 | Noticed AutarchDCSS's ghost (veteran BaAE)
 88172 | Depths:2 | Found a runed translucent door.
 88300 | Depths:2 | Identified the +4 robe of the Five Xenops {*Corrode Str+3
                  | Stlth+}
 88300 | Depths:2 | Noticed Boris
 88309 | Depths:2 | Killed Boris
 88677 | Depths:2 | Found an iron altar of Okawaru.
 88749 | Depths:2 | Found Tipsahej's Distillery.
 88755 | Depths:2 | Bought a potion of enlightenment for 100 gold pieces
 88755 | Depths:2 | Bought a potion of heal wounds for 100 gold pieces
 88807 | Depths:2 | Found a one-way gate leading to the halls of Pandemonium.
 89057 | Depths:3 | Noticed a caustic shrike
 89197 | Depths:3 | Killed a caustic shrike
 89432 | Depths:3 | Paralysed by a vampire knight for 4 turns
 89992 | Depths:3 | Noticed a caustic shrike
 90317 | Depths:3 | Identified the amulet "Naromn" {RegenMP rN+}
 90332 | Depths:3 | Got the Handbook of Iron Apparitions
 90349 | Depths:3 | Got the Elucidation of Nephomancy and Leucosis
 90861 | Depths:3 | Reached XP level 25. HP: 201/201 MP: 26/44
 91229 | Elf:1    | Gained mutation: Armour fits poorly on your strangely
                  | shaped body. [a cacodemon]
 91231 | Elf:1    | Killed Xuahaunu's ghost
 91274 | Elf:1    | Learned a level 1 spell: Apportation
 91279 | Elf:1    | Identified the +2 hat of Lyisann {rPois rF+ Slay+3}
 91917 | Depths:4 | Entered Level 4 of the Depths
 92145 | Depths:4 | Noticed a juggernaut
 92150 | Depths:4 | Killed a juggernaut
 92203 | Depths:4 | Reached skill level 15 in Conjurations
 92241 | Depths:4 | Reached skill level 20 in Staves
 92311 | Depths:3 | Learned a level 8 spell: Maxwell's Capacitive Coupling
 93049 | Depths:4 | Learned a level 4 spell: Animate Armour
 93412 | Snake:2  | Bought a pair of glowing boots for 255 gold pieces
 93961 | Depths:4 | Identified the +6 glaive of Daonemomim {drain, SInv}
 94064 | Depths:4 | Reached skill level 15 in Hexes
 94064 | Depths:4 | Reached skill level 15 in Summonings
 94064 | Depths:4 | Reached skill level 15 in Necromancy
 94064 | Depths:4 | Reached skill level 15 in Translocations
 94064 | Depths:4 | Reached skill level 15 in Fire Magic
 94064 | Depths:4 | Reached skill level 15 in Ice Magic
 94064 | Depths:4 | Reached skill level 15 in Earth Magic
 94064 | Depths:4 | Reached skill level 15 in Alchemy
 94375 | Depths:4 | Found a gate to the Realm of Zot.
 94424 | Depths:4 | Identified the +3 dire flail of Discretion {freeze, Int-3
                  | Dex+4}
 95093 | Depths:4 | Noticed a juggernaut
 95098 | Depths:4 | Killed a juggernaut
 95405 | Zot:1    | Entered Level 1 of the Realm of Zot
 95479 | Zot:1    | Noticed a dread lich
 95482 | Zot:1    | Noticed an ancient lich
 95488 | Zot:1    | Killed a dread lich
 95489 | Zot:1    | Reached XP level 26. HP: 162/211 MP: 4/45
 95856 | Zot:1    | Identified the ring of the Mackerel {Ice +Blink Will+
                  | Str+2}
 95856 | Zot:1    | Noticed Josephina
 95858 | Zot:1    | Killed Josephina
 96273 | Zot:1    | Reached skill level 21 in Staves
 96430 | Zot:1    | Killed an ancient lich
 98181 | Orc:2    | Bought a scroll of enchant weapon for 105 gold pieces
 98181 | Orc:2    | Bought a scroll of noise for 14 gold pieces
 98983 | Zot:2    | Noticed a Killer Klown
 99054 | Zot:2    | Killed a Killer Klown
 99528 | Zot:2    | Noticed an orb of fire
 99533 | Zot:2    | Gained mutation: You are frail. (-10% HP) [an orb of fire]
 99541 | Zot:2    | Killed an orb of fire
 99701 | Zot:2    | Noticed an orb of fire
 99705 | Zot:2    | Killed an orb of fire
100254 | Zot:3    | Noticed Vv
100258 | Zot:3    | Killed Vv
100540 | Zot:3    | Found a transporter.
100540 | Zot:3    | Found a transporter.
100542 | Zot:3    | Found a transporter.
100542 | Zot:3    | Found a transporter.
101011 | Zot:3    | Learned a level 3 spell: Passwall
101309 | Zot:4    | Reached XP level 27. HP: 195/197 MP: 24/46
101902 | Zot:4    | Reached skill level 22 in Staves
102306 | Zot:5    | Entered Level 5 of the Realm of Zot
104546 | Zot:5    | Noticed a dread lich
104550 | Zot:5    | Killed a dread lich
105130 | Zot:5    | Noticed an orb of fire
105134 | Zot:5    | Killed an orb of fire
105820 | Zot:5    | Noticed an orb of fire
105825 | Zot:5    | Killed an orb of fire
105832 | Zot:5    | Noticed an orb of fire
105837 | Zot:5    | Killed an orb of fire
106236 | Zot:5    | Noticed a dread lich
106246 | Zot:5    | Killed a dread lich
106463 | Zot:5    | Noticed an ancient lich
106471 | Zot:5    | Killed an ancient lich
106739 | Zot:5    | Got the Orb of Zot
107255 | D:7      | Reached skill level 23 in Staves
107267 | D:7      | Noticed Kicsip the pandemonium lord
107513 | D:$      | Escaped with the Orb!

Illustrated notes

Levels and vault maps discovered:
D:1:      lightli_arrival_maybe_door_vault, layout_basic, serial_shops, shop,
          hellmonk_ecumenical_altar_leap_of_faith, serial_park_tiny_2
D:2:      layout_loops_ring, st_stairs_3, hangedman_decor_push, feat_on_display,
          uniq_sigmund, uniq_terence
D:3:      layout_rooms, mainiacjoe_overflow_alcove_2, minmay_box_of_dots,
          uniq_ijyb
D:4:      layout_basic, nicolae_ru_awakened_eye, grunt_temple_overflow_open,
          minmay_temple_entry_poolview, minivault_27, minmay_misc_feat_columns,
          chequers_serial_rivers_micro_d, st_stairs_6, grunt_decor_junction,
          chequers_serial_rivers_micro_c, minmay_misc_feat_hallway
D:5:      minmay_razor_zed, layout_basic, mainiacjoe_overflow_tiny_flanked,
          grunt_decor_arrowhead, moated_statue, uniq_crazy_yiuf_cottage
D:6:      layout_gridville, kennysheep_diamond
D:7:      layout_rooms, mainiacjoe_overflow_paths, palyth_stone_intersect
D:8:      layout_basic, mainiacjoe_overflow_catwalk, lair_entry_dummy
D:9:      layout_rooms, lemuel_crystal_altar,
          nicolae_gozag_cash_rules_everything_around_me, gammafunk_ghost_ooze
D:10:     layout_long_grid, grunt_temple_overflow_forces_of_nature,
          mainiacjoe_overflow_six_doors_small,
          mainiacjoe_overflow_small_starburst, mainiacjoe_overflow_24_doors,
          st_stairs_12
D:11:     layout_irregular_city, erik_orc_4, serial_shops, shop,
          kennysheep_potato, uniq_psyche
D:12:     layout_basic, statue_in_the_mist_lemuel, uniq_azrael
D:13:     layout_basic, grunt_vaults_entry_fortified
D:14:     layout_roguey, nrook_campfire, gauntlet_entry_generic
D:15:     hangedman_depths_entry_try_elsewhere_first, layout_basic,
          roderic_lattice_a
Temple:   hellmonk_temple_flake
Lair:1:   layout_roguey, lightli_volcano_entry_magma_tube, st_stairs_4,
          uniq_urug
Lair:2:   layout_small_grid, alex1729_snake_entry_snake, serial_forest,
          infiniplex_forest_clump_diagonal, infiniplex_forest_lined_room_,
          infiniplex_forest_straight_3, infiniplex_forest_clump_double,
          infiniplex_forest_straight_4
Lair:3:   dragon1_lemuel, layout_gridlike, alex1729_swamp_entry_worm_eleionoma
Lair:4:   beast_lair_carwin_large_2, layout_cave_pods,
          dpeg_slime_entry_enclosed, serial_bayou_lagoon_a, minivault_26,
          chequers_serial_rivers_room_a
Lair:5:   hangedman_lair_tendril_chambers, layout_layer_cave,
          hibernation_bobbens, serial_bayou_shore_b, uniq_snorg
Swamp:1:  layout_basic_swamp, evilmike_swamp_ruin_house_5,
          nicolae_swamp_decorative_isthmus, nicolae_swamp_tree_isthmus,
          uniq_nikola
Swamp:2:  layout_basic_swamp, evilmike_swamp_ruin_rubble_1,
          infiniplex_staircase_pool
Swamp:3:  layout_basic_swamp, nicolae_swamp_little_swirl
Swamp:4:  swamp_basic_johnstein, layout_basic_swamp, swamp_pool_1_2,
          nicolae_swamp_hydra_murder_den, uniq_mlioglotl
Snake:1:  layout_rooms, gammafunk_ghost_wrathful_warriors,
          nicolae_shop_firing_range
Snake:2:  layout_misc_corridors, basic_altar, serial_shops, shop,
          minmay_shop_grove, grunt_megastairs_5, uniq_aizul
Snake:3:  layout_misc_corridors, serial_bayou_shore_b, minmay_shop_star
Snake:4:  grunt_snake_rune_serpentine_throne, layout_cave_pods,
          lemuel_fruit_tree
Slime:1:  layout_caves
Slime:2:  layout_caves, dissolution_awaits
Slime:3:  layout_caves, nicolae_slime_round_cave
Slime:4:  layout_caves
Slime:5:  slime_pit_nicolae_royal_road_to_ruin
Orc:1:    cheibrodos_orc_bank, layout_caves
Orc:2:    grunt_orc_community_town_hall, layout_caves,
          grunt_orc_community_big_house_2, grunt_orc_community_big_house_2,
          grunt_orc_community_house_2, grunt_orc_community_house_1,
          grunt_orc_community_house_2, grunt_orc_community_house_3,
          blackcustard_mines_bat_river
Elf:1:    layout_loops_cross, ploomutoo_gammafunk_ghost_potion_laboratory,
          serial_shops, nicolae_shop_window_shopping, minmay_elf_necromancy
Elf:2:    elven_hall_of_blades_hangedman_alternative
          [nicolae_blade_entry_sentries_behind_glass], layout_gridlike,
          wad_floor_pattern_untrapped
Elf:3:    minmay_elf_hall_x, layout_loops_corners, uniq_asterion
Vaults:1: hangedman_vaults_stream, ontoclasm_vaults_eye,
          nicolae_vaults_wrenched, v_misc_22, nicolae_vaults_two_Ls, v_misc_5,
          v_misc_29, nicolae_vaults_sesquioval_fish, vaults_room_semicircle,
          grunt_vaults_focal, nicolae_vaults_little_guard_posts,
          layout_vaults_omnigrid, uniq_zenata, uniq_boris
Vaults:2: v_misc_3, vaults_room_octagon, v_misc_9,
          nicolae_vaults_lightning_bolt, vaults_dpeg_emergency_exit,
          ontoclasm_vaults_fault, vaults_room_door_ring, lemuel_angel_altar,
          nicolae_vaults_trapezoid_lopsided_1, v_pattern_5,
          serial_library_hellmonk_open_cross, nicolae_vaults_yaktaur_gun_rack,
          v_misc_1, v_misc_29, nicolae_vaults_tetromino_L_2, layout_vaults_ring,
          uniq_norris
Vaults:3: nicolae_vaults_whirlpool_walls, nicolae_vaults_heist, v_misc_30,
          v_misc_2, minmay_crypt_entry_nasty_monster, vaults_mumra_hex,
          nicolae_vaults_diamond_2, nicolae_vaults_sesquioval_fish,
          nicolae_vaults_surprise_closet, vaults_room_pool,
          layout_vaults_big_room, serial_shops, shop, uniq_margery
Vaults:4: nicolae_vaults_hexular_roomagon, nicolae_vaults_double_plus_2,
          nicolae_vaults_theta, nicolae_vaults_steering_wheel,
          nicolae_vaults_storage_closets_1, v_rooms_4,
          nicolae_vaults_closet_pinwheel_5, nicolae_vaults_tetromino_T_2,
          ontoclasm_vaults_twist, vaults_room_corners, nicolae_vaults_cochlea,
          nicolae_vaults_big_angled_halls, nicolae_vaults_tetromino_Z_1,
          nicolae_vaults_windows_and_doors_thing, layout_vaults_big_cross,
          serial_shops, nicolae_shop_peninsula, uniq_frederick
Depths:1: layout_gridlike, enter_ziggurat_a, hellmouth_3,
          abyss_entry_flame_altar, nicolae_triple_integral,
          gammafunk_ghost_cemetery, ashenzari_altar_1, uniq_saint_roka
Depths:2: cheibrodos_salmonella, layout_basic, serial_shops,
          kennysheep_little_box, pf_hell_entry_great_geh,
          hellmonk_ghost_big_iron, rand_demon_pan_entry_8,
          minmay_misc_feat_square, okawaru_altar_gauntlet_db
Depths:3: minmay_the_grid_3x3 [minmay_the_grid_airy, minmay_the_grid_spin_star,
          minmay_the_grid_eight, minmay_the_grid_all_tris,
          minmay_the_grid_small_cups, minmay_the_grid_fan,
          minmay_the_grid_armoury, minmay_the_grid_dragon_a,
          minmay_the_grid_prize_trominoes], layout_honeycomb, hell_entry,
          nicolae_abyss_entry_one_way_or_another, rand_demon_pan_entry_7,
          minmay_holes, serial_bayou_pond_d, grunt_potential
Depths:4: lemuel_castle_with_subvaults [lemuel_castle_interior_carwin_2],
          layout_honeycomb, minmay_misc_feat_iff, pan_entry,
          pf_hell_entry_tar_river
Zot:1:    hangedman_zot_vaults_quadrants, layout_concentric_octagons,
          uniq_josephina
Zot:2:    layout_gridlike, regret_index_zotdec_magical_s
Zot:3:    layout_basic, regret_index_zotdec_decaying_vile,
          nicolae_diode_quadrants, uniq_vv
Zot:4:    layout_gridlike
Zot:5:    layout_basic, st_stairs_3

Skill      XL: |  1  2  3  4  5  6  7  8  9 10 11 12 13 14 15 16 17 18 19 20 21 22 23 24 25 26 27 |
---------------+----------------------------------------------------------------------------------+-----
Conjurations   | 2 3 4 5 6 7 8 9 10 11 12 13 14 15 16 | 16.6
Spellcasting   | 5 6 7 8 9 10 11 12 13 14 15 16 17 18 19 | 19.8
Invocations    | 1 2 3 4 5 6 7 8 9 10 11 12 13 14 15 16 17 18 19 20 | 20.8
Fighting       | 1 2 3 4 5 6 7 8 9 10 11 12 13 14 15 16 17 18 19 | 19.3
Short Blades   | 1 2 3 4 5 6 7 8 9 10 11 12 13 14 15 16 17 18 19 | 19.3
Long Blades    | 1 2 3 4 5 6 7 8 9 10 11 12 13 14 15 16 17 18 19 | 19.3
Axes           | 1 2 3 4 5 6 7 8 9 10 11 12 13 14 15 16 17 18 19 | 19.3
Maces & Flails | 1 2 3 4 5 6 7 8 9 10 11 12 13 14 15 16 17 18 19 | 19.3
Polearms       | 1 2 3 4 5 6 7 8 9 10 11 12 13 14 15 16 17 18 19 | 19.3
Staves         | 1 2 3 4 5 6 7 8 9 10 11 12 13 14 16 17 18 19 20 21 23 | 23.0
Ranged Weapons | 1 2 3 4 5 6 7 8 9 10 11 12 13 14 15 16 17 18 19 | 19.3
Throwing       | 1 2 3 4 5 6 7 8 9 10 11 12 13 14 15 16 17 18 19 | 19.3
Armour         | 1 2 3 4 5 6 7 8 9 10 11 12 13 14 15 16 17 18 19 | 19.3
Shields        | 1 2 3 4 5 6 7 8 9 10 11 12 13 14 15 16 17 18 19 | 19.3
Unarmed Combat | 1 2 3 4 5 6 7 8 9 10 11 12 13 14 15 16 17 18 19 | 19.3
Evocations     | 1 2 3 4 5 6 7 8 9 10 11 12 13 14 15 16 17 18 19 | 19.3
Shapeshifting  | 1 2 3 4 5 6 7 8 9 10 11 12 13 14 15 16 17 | 17.8
Hexes          | 1 2 3 4 5 6 7 8 9 10 11 12 13 14 15 16 | 16.5
Summonings     | 1 2 3 4 5 6 7 8 9 10 11 12 13 14 15 16 | 16.5
Necromancy     | 1 2 3 4 5 6 7 8 9 10 11 12 13 14 15 16 | 16.5
Translocations | 1 2 3 4 5 6 7 8 9 10 11 12 13 14 15 16 | 16.5
Fire Magic     | 1 2 3 4 5 6 7 8 9 10 11 12 13 14 15 16 | 16.5
Ice Magic      | 1 2 3 4 5 6 7 8 9 10 11 12 13 14 15 16 | 16.5
Earth Magic    | 1 2 3 4 5 6 7 8 9 10 11 12 13 14 15 16 | 16.5
Alchemy        | 1 2 3 4 5 6 7 8 9 10 11 12 13 14 15 16 | 16.5
Dodging        | 5 6 7 8 9 10 11 12 13 14 15 16 17 18 19 | 19.7
Stealth        | 5 6 7 8 9 10 11 12 13 14 15 16 17 18 19 | 19.7
Air Magic      | 6 7 8 9 10 11 12 13 14 15 16 17 | 17.2

Action                     |  1- 3 |  4- 6 |  7- 9 | 10-12 | 13-15 | 16-18 | 19-21 | 22-24 | 25-27 || total
---------------------------+-------+-------+-------+-------+-------+-------+-------+-------+-------++-------
  Melee: Dagger            |     8 |    39 |       |       |       |       |       |       |       ||    47
         Bite              |     1 |     1 |     9 |    19 |    28 |    10 |    36 |    49 |    98 ||   251
         Morningstar       |       |     5 |    80 |       |       |       |       |       |       ||    85
         Staff             |       |       |     8 |    70 |   102 |    18 |    56 |    39 |    47 ||   340
         Hand axe          |       |       |     7 |       |       |       |       |       |       ||     7
         Scimitar          |       |       |       |    57 |   121 |    71 |     1 |       |       ||   250
         Demon whip        |       |       |       |       |       |       |    84 |   145 |   342 ||   571
         Unarmed           |       |       |       |       |       |       |     1 |       |       ||     1
  Throw: Dart              |       |     3 |     1 |     5 |     1 |       |       |       |       ||    10
         Javelin           |       |       |       |       |       |       |     3 |     1 |     1 ||     5
         Throwing net      |       |       |       |       |       |       |     1 |     1 |     1 ||     3
   Cast: Shock             |    39 |    56 |   127 |    56 |    27 |       |       |       |       ||   305
         Airstrike         |       |     1 |    28 |   140 |   268 |     5 |    11 |       |       ||   453
         Blink             |       |     1 |       |       |       |       |       |       |       ||     1
         Static Discharge  |       |       |    11 |    12 |    17 |       |       |       |       ||    40
         Summon Lightning  |       |       |     5 |    39 |   106 |    10 |     1 |       |       ||   161
         Irradiate         |       |       |       |       |    16 |    14 |    13 |    26 |    35 ||   104
         Borgnjor's Vile C |       |       |       |       |     8 |     5 |    27 |    12 |    17 ||    69
         Plasma Beam       |       |       |       |       |     1 |   459 |   402 |   499 |   436 ||  1797
         Freezing Cloud    |       |       |       |       |     1 |     7 |    13 |     3 |       ||    24
         Arcjolt           |       |       |       |       |       |     3 |    13 |    51 |    41 ||   108
         Summon Cactus Gia |       |       |       |       |       |       |     9 |       |       ||     9
         Haunt             |       |       |       |       |       |       |     8 |       |     1 ||     9
         Vhi's Electric Ch |       |       |       |       |       |       |     1 |       |     1 ||     2
         Bombard           |       |       |       |       |       |       |       |    21 |    25 ||    46
         Apportation       |       |       |       |       |       |       |       |       |     6 ||     6
         Maxwell's Capacit |       |       |       |       |       |       |       |       |    10 ||    10
         Animate Armour    |       |       |       |       |       |       |       |       |     9 ||     9
         Passwall          |       |       |       |       |       |       |       |       |     2 ||     2
 Invoke: Slouch            |       |       |       |     1 |     4 |       |    13 |     4 |     1 ||    23
         Bend Time         |       |       |       |     1 |       |       |       |       |       ||     1
         Step From Time    |       |       |       |       |       |       |     1 |       |       ||     1
  Evoke: Wand              |       |     3 |     2 |     1 |     9 |     4 |     9 |     6 |     6 ||    40
         Box of beasts     |       |       |       |     1 |     1 |       |     2 |       |       ||     4
         Lightning rod     |       |       |       |       |       |       |     4 |       |     4 ||     8
    Use: Potion            |       |     1 |     1 |     1 |       |       |     3 |     2 |     3 ||    11
         Scroll            |       |     7 |    11 |     5 |     7 |     6 |     6 |     1 |    20 ||    63
   Stab: Sleeping          |     4 |     7 |     4 |       |     1 |       |       |       |       ||    16
         Distracted        |       |       |       |     2 |     5 |     1 |     6 |     9 |    19 ||    42
         Held in net/web   |       |       |       |       |       |       |       |     4 |       ||     4
 Armour: Robe              |     7 |    34 |    87 |       |       |       |       |       |       ||   128
         Ring mail         |       |       |    27 |   135 |   156 |   136 |   105 |    10 |       ||   569
         Plate armour      |       |       |       |       |       |       |       |   147 |   253 ||   400
  Dodge: Dodged            |    14 |    45 |   128 |   197 |   263 |   196 |   224 |   341 |   515 ||  1923
  Block: Buckler           |       |       |     8 |    90 |   185 |    57 |       |       |       ||   340
         Reflection        |       |       |       |       |    31 |     8 |       |       |       ||    39
         Kite shield       |       |       |       |       |       |   124 |   217 |   399 |   573 ||  1313

Table legend: (Time is in decaauts)
 A = Elapsed time spent in this place.
 B = Non-inter-level travel time spent in this place.
 C = Inter-level travel time spent in this place.
 D = Time resting spent in this place.
 E = Time spent auto-exploring this place.
 F = Levels seen in this place.
 G = Mean time per level.
                   A        B        C        D        E       F      G
               +--------+--------+--------+--------+--------+-----+--------+
         Total | 150125 | 133106 |  17019 |  42628 |  73702 |  54 | 2780.1 |
       Dungeon |  37347 |  30379 |   6968 |   8755 |  18582 |  15 | 2489.8 |
        Temple |      1 |      1 |      0 |      0 |      0 |   1 |    1.0 |
          Lair |  17649 |  15272 |   2377 |   3324 |  10330 |   5 | 3529.8 |
         Swamp |   7194 |   6678 |    516 |   1624 |   4302 |   4 | 1798.5 |
     Snake Pit |  12378 |  11171 |   1207 |   5136 |   4323 |   4 | 3094.5 |
    Slime Pits |   8576 |   7977 |    599 |   3489 |   3697 |   5 | 1715.2 |
  Orcish Mines |   6069 |   5364 |    705 |   1114 |   3318 |   2 | 3034.5 |
   Elven Halls |  12114 |  11556 |    558 |   4840 |   5489 |   3 | 4038.0 |
        Vaults |  15080 |  13552 |   1528 |   5038 |   6848 |   4 | 3770.0 |
        Depths |  14840 |  12977 |   1863 |   3082 |   7998 |   4 | 3710.0 |
           Zot |  15304 |  14611 |    693 |   4838 |   7724 |   5 | 3060.8 |
       Volcano |   2043 |   2043 |      0 |   1209 |    336 |   1 | 2043.0 |
      Gauntlet |   1525 |   1525 |      0 |    177 |    750 |   1 | 1525.0 |
               +--------+--------+--------+--------+--------+-----+--------+

Top non-repeatable levels by time:
   Elf:3: 7411 daAuts
   Zot:5: 4890 daAuts
Depths:4: 4184 daAuts
  Lair:5: 4167 daAuts
Vaults:1: 4107 daAuts
   Zot:1: 4021 daAuts
Vaults:3: 3999 daAuts
     D:8: 3947 daAuts
 Snake:4: 3851 daAuts
  Lair:2: 3823 daAuts
Depths:3: 3753 daAuts
   Orc:2: 3722 daAuts
 Snake:1: 3655 daAuts
  Lair:4: 3633 daAuts
Vaults:2: 3493 daAuts
